 Seeded DCSS version 0.30-a0-956-gcec3b41aec (webtiles) character file.

Game seed: 3125986916090331667 (custom seed)

3 Parcival the Sneak (level 1, 10/10 HPs)
             Began as a Kobold Enchanter on Mar 29, 2023.
             Quit the game on level 1 of the Dungeon.
             The game lasted 00:00:19 (69 turns).

Parcival the Sneak (Kobold Enchanter)                 Turns: 69, Time: 00:00:20

Health: 10/10      AC:  2    Str:  5    XL:     1   Next: 55%
Magic:  3/3        EV: 15    Int: 16    God:
Gold:   0          SH:  0    Dex: 15    Spells: 4/4 levels left

rFire   . . .      SeeInvis .    a - +1 dagger
rCold   . . .      Faith    .    (no shield)
rNeg    . . .      Spirit   .    b - +0 robe
rPois   .          Reflect  .    (no helmet)
rElec   .          Rampage  .    (no cloak)
rCorr   .                        (no gloves)
Will    .....                    (no boots)
Stlth   ++++                     (no amulet)
HPRegen 0.21/turn                (no ring)
MPRegen 0.08/turn                (no ring)

@: no status effects
A: small, no large weapons, nightstalker 3
a: no special abilities


You were on level 1 of the Dungeon.
You visited 1 branch of the dungeon, and saw 1 of its levels.

Inventory:

Hand Weapons
 a - a +1 dagger (weapon)
Armour
 b - a +0 robe (worn)
Potions
 c - 2 potions of invisibility


   Skills:
 + Level 1.3 Short Blades
 + Level 2.4 Dodging
 + Level 4.2 Stealth
 + Level 2.1 Spellcasting
 + Level 3.1 Hexes


You had 4 spell levels left.
You didn't know any spells.
Your spell library contained the following spells:

 Spells                   Type           Power      Damage    Failure   Level
 Ensorcelled Hibernation  Hex/Ice        12%        N/A       16%         2
 Confusing Touch          Hex            11%        N/A       17%         3
 Tukima's Dance           Hex            11%        N/A       17%         3
 Dazzling Flash           Conj/Hex       12%        N/A       32%         3
 Animate Dead             Necr           1%         N/A       90%         4
 Borgnjor's Vile Clutch   Necr/Erth      0%         N/A       99%         5
 Death Channel            Necr           0%         N/A       100%        6


Dungeon Overview and Level Annotations

Branches:
Dungeon (1/15)

Altars:


Innate Abilities, Weirdness & Mutations

You are small and have problems with some larger weapons.
You are completely attuned to the shadows.


Message History

The goblin is moderately wounded.
The goblin hits you with a +0 dagger.
You hit the goblin.
You kill the goblin!
You see here a +0 dagger.
You hit the endoplasm.
The endoplasm is moderately wounded.
A goblin comes into view. It is wielding a +0 club.
The endoplasm freezes you.
You are frozen.
You completely miss the endoplasm.
The endoplasm is moderately wounded.
The endoplasm misses you.
The goblin shouts!
You hit the endoplasm.
The endoplasm is heavily wounded.
The endoplasm completely misses you.
You hit the endoplasm but do no damage.
The endoplasm is heavily wounded.
The goblin closely misses you. The endoplasm hits you.
You hit the endoplasm.
The endoplasm is severely wounded.
The goblin hits you with a +0 club.
* * * LOW HITPOINT WARNING * * *
The endoplasm closely misses you.
You hit the endoplasm.
You kill the endoplasm!
The goblin hits you but does no damage.
You hit the goblin.
You kill the goblin!
Things that are here:
a +0 club; a goblin corpse HP restored.
d - a scroll labelled ROKLIF FIDEHY This is a scroll of acquirement!
You see here a book of Unlife.
Something appears at your feet!
You pick up a book of Unlife and begin reading...
You add the spells Animate Dead, Borgnjor's Vile Clutch and Death Channel to your library.
Okay, then.
Are you sure you want to abandon this character and quit the game? (Confirm with "yes".)

###### .....#
###@####
#.......
#.......
..###....#..J
.........>...
..###)#......
#)......#
#......#
####.###


There were no monsters in sight!

Vanquished Creatures
  An endoplasm (D:1)
  2 goblins (D:1)
3 creatures vanquished.

Notes
Turn   | Place    | Note
-------+----------+-------------------------------------------
     0 | D:1      | Parcival the Kobold Enchanter began the quest for the Orb.
     0 | D:1      | Reached XP level 1. HP: 10/10 MP: 3/3
    65 | D:1      | Identified a scroll of acquirement
    65 | D:1      | Acquired a book of Unlife
    69 | D:1      | Quit the game

Illustrated notes

Levels and vault maps discovered:
D:1:      amcnicky_arrival_single_pillar, layout_loops_cross,
          hangedman_glass_garden

Action                     || total
---------------------------++-------
  Melee: Dagger            ||    11
    Use: Scroll            ||     1
 Armour: Robe              ||     1
  Dodge: Dodged            ||     5

Table legend: (Time is in decaauts)
 A = Elapsed time spent in this place.
 B = Non-inter-level travel time spent in this place.
 C = Inter-level travel time spent in this place.
 D = Time resting spent in this place.
 E = Time spent auto-exploring this place.
 F = Levels seen in this place.
 G = Mean time per level.
                   A        B        C        D        E       F      G
               +--------+--------+--------+--------+--------+-----+--------+
         Total |     68 |     68 |      0 |      0 |     46 |   1 |   68.0 |
       Dungeon |     68 |     68 |      0 |      0 |     46 |   1 |   68.0 |
               +--------+--------+--------+--------+--------+-----+--------+

Top non-repeatable levels by time:
     D:1: 68 daAuts
